 Dungeon Crawl Stone Soup version 0.27-a0-1181-g5f64966fcc (webtiles) character file.

Game seed: 5836842652293427784

50 Wyvernaa the Sneak (level 3, 0/21 HPs)
             Began as an Octopode Hedge Wizard on May 17, 2021.
             Slain by Robin
             ... wielding a +0 trident
              (5 damage)
             ... on level 2 of the Dungeon on May 18, 2021.
             The game lasted 00:08:23 (1864 turns).

Wyvernaa the Sneak (Octopode Hedge Wizard)          Turns: 1864, Time: 00:08:24

Health: 0/21       AC:  1    Str:  9    XL:     3   Next: 79%
Magic:  2/8        EV: 13    Int: 16    God:
Gold:   66         SH:  0    Dex: 12    Spells: 6/9 levels left

rFire    . . .     SeeInvis .   a - +1 dagger
rCold    . . .     Faith    .   (no shield)
rNeg     . . .     Spirit   .   b - +0 hat
rPois    .         Reflect  .   (no amulet)
rElec    .         Harm     .   c - ring of wizardry
rCorr    .         Rampage  .   (no ring)
Will     .....                  (no ring)
Stlth    ++++......             (no ring)
HPRegen  0.07/turn              (no ring)
MPRegen  0.11/turn              (no ring)
                                (no ring)
                                (no ring)

@: no status effects
A: almost no armour, amphibious, 8 rings, camouflage 1, gelatinous body 1,
(nimble swimmer 1), tentacles
a: no special abilities


You were on level 2 of the Dungeon.
You visited 1 branch of the dungeon, and saw 2 of its levels.

You collected 66 gold pieces.

Inventory:

Hand Weapons
 a - a +1 dagger (weapon)
Armour
 b - a +0 hat (worn)
Jewellery
 c - a ring of wizardry (left tentacle)
Scrolls
 d - a scroll of amnesia
 e - 2 scrolls of identify
Potions
 f - a potion of flight {unknown}


   Skills:
 + Level 2.0 Dodging
 * Level 4.3 Stealth
 + Level 3.7 Spellcasting
 + Level 1.0 Conjurations
 + Level 1.0 Summonings
 + Level 1.0 Translocations


You had 6 spell levels left.
You knew the following spells:

 Your Spells              Type           Power      Damage    Failure   Level
a - Magic Dart            Conj           24%        1d4       4%          1
b - Call Imp              Summ           6%         N/A       7%          2

Your spell library contained the following spells:

 Spells                   Type           Power      Damage    Failure   Level
 Blink                    Tloc           N/A        N/A       7%          2
 Slow                     Hex            2%         N/A       11%         2
 Conjure Flame            Conj/Fire      4%         6-21      16%         3
 Mephitic Cloud           Conj/Pois/Air  4%         N/A       17%         3


Dungeon Overview and Level Annotations

Branches:
Dungeon (2/15)

Altars:

Annotations:
D:2 Robin


Innate Abilities, Weirdness & Mutations

You cannot wear most types of armour.
You are amphibious.
You can wear up to eight rings at the same time.
Your skin changes colour to match your surroundings (Stealth+).
Your rubbery body absorbs attacks. (AC +1, EV +1)
((You are camouflaged near water. (Stealth+)))
You have tentacles for arms and can constrict up to eight enemies at once.


Message History

The goblin hits you with a +0 club.
Your crimson imp hits the goblin.
The goblin dies!
Your white imp hits Robin but does no damage.
Robin hits your white imp with a +0 trident!
Your white imp dies!
You see here a +0 club.
Robin zaps a wand.
You hear a grinding noise.
Casting: Call Imp (safe; 7% risk of failure)
Confirm with . or Enter, or press ? or * to list all spells.
A beastly little devil appears in a puff of frigid air.
Your crimson imp hits Robin.
You hear a zap.
Some rock shatters into small pieces.
Your crimson imp hits Robin but does no damage.
You see here a +0 club.
Your crimson imp blinks!
You see here a rat corpse.
A hobgoblin comes into view.
Your crimson imp hits Robin.
The hobgoblin shouts!
You hit Robin. You grab Robin.
Robin is moderately wounded.
You constrict Robin, but do no damage. Robin barely misses you.
Your crimson imp hits Robin.
You hit Robin but do no damage.
Robin is heavily wounded.
You constrict Robin. Robin completely misses you.
Your crimson imp hits Robin.
You hit Robin but do no damage. You squeeze Robin, but do no damage.
Robin is heavily wounded.
You constrict Robin.
Robin says, "Kneel, worm!"
Robin hits you with a +0 trident!
Ouch! That really hurt!
* * * LOW HITPOINT WARNING * * *
Your crimson imp hits Robin.
You hit Robin.
Robin is almost dead.
You constrict Robin, but do no damage. Robin hits you with a +0 trident.
You die...

#.# ## #.# #.# #.# #.#
#.# #.# #.##.# #.#5#
#.g#########
############@#.5......#
#.......g....†)######.#
#.##############
#.##### #.#
######.#...## #.#
.............# #g#
.######......## #.#
#........ #.# ##.#.#.##
..# #.....#


You could see Robin (ally target), a hobgoblin and a friendly crimson imp
(summoned).

Vanquished Creatures
  An adder (D:2)
  A dart slug (D:1)
  4 bats
  3 endoplasms
  2 giant cockroaches (D:1)
  5 goblins
  6 hobgoblins
  3 ball pythons
  3 frilled lizards (D:1)
  2 kobolds (D:1)
  4 rats
34 creatures vanquished.

Vanquished Creatures (collateral kills)
  A hobgoblin (D:2)
  A goblin (D:2)
2 creatures vanquished.

Grand Total: 36 creatures vanquished

Notes
Turn   | Place    | Note
-------+----------+-------------------------------------------
     0 | D:1      | Wyvernaa the Octopode Hedge Wizard began the quest for the
                  | Orb.
     0 | D:1      | Reached XP level 1. HP: 11/11 MP: 4/4
   246 | D:1      | Reached skill level 3 in Stealth
   252 | D:1      | Reached XP level 2. HP: 14/17 MP: 1/6
  1186 | D:1      | Reached XP level 3. HP: 21/21 MP: 8/8
  1543 | D:2      | Reached skill level 4 in Stealth
  1783 | D:2      | Learned a level 2 spell: Call Imp
  1826 | D:2      | Noticed Robin
  1864 | D:2      | Slain by Robin

Illustrated notes

Levels and vault maps discovered:
D:1:      heliophobic_arrival_ceremonial_halls, layout_basic
D:2:      layout_loops_ring, serial_shops, shop_statue, uniq_robin

Skill      XL: |  1  2  3 |
---------------+----------+-----
Stealth        | 3 4 |  4.3
Dodging        | |  2.0
Spellcasting   | |  3.7
Conjurations   | |  1.0
Summonings     | |  1.0
Translocations | |  1.0

Action                   || total
-------------------------++-------
Melee: Dagger            ||    69
       Tentacles         ||    15
       Constrict         ||    12
 Cast: Magic Dart        ||    31
       Call Imp          ||     3
  Use: Scroll            ||     2
 Stab: Sleeping          ||     7
Armor: Skin              ||     7
Dodge: Dodged            ||    36

Table legend: (Time is in decaauts)
 A = Elapsed time spent in this place.
 B = Non-inter-level travel time spent in this place.
 C = Inter-level travel time spent in this place.
 D = Time resting spent in this place.
 E = Time spent auto-exploring this place.
 F = Levels seen in this place.
 G = Mean time per level.
                   A        B        C        D        E       F      G
               +--------+--------+--------+--------+--------+-----+--------+
         Total |   1863 |   1845 |     18 |    839 |    630 |   2 |  931.5 |
       Dungeon |   1863 |   1845 |     18 |    839 |    630 |   2 |  931.5 |
               +--------+--------+--------+--------+--------+-----+--------+

Top non-repeatable levels by time:
     D:1: 1298 daAuts
     D:2: 565 daAuts
